 Dungeon Crawl Stone Soup version 0.32-a0-612-g1c984fe9d1 (webtiles) character file.

Game seed: 4708460748678902498

98 souperman1983 the Poker (level 4, -1/35 (37) HPs)
             Began as a Mountain Dwarf Reaver on Mar 5, 2024.
             Was a Follower of the Shining One (penitent).
             Slain by a kobold
             ... wielding a +0 whip
              (2 damage)
             ... on level 3 of the Dungeon.
             The game lasted 00:09:30 (1386 turns).

souperman1983 the Poker (Mountain Dwarf Reaver)     Turns: 1386, Time: 00:09:30

HP:   -1/35 (37)    AC:  5    Str: 15    XL:     4   Next: 44%
MP:   6/6           EV: 11    Int: 15    God:    the Shining One [*.....]
Gold: 140           SH:  0    Dex:  8    Spells: 5/6 levels left

rFire   . . .        a - +0 spear
rCold   . . .        (no shield)
rNeg    . . .        b - +0 leather armour
rPois   .            f - +0 helmet
rElec   .            (no cloak)
rCorr   .            (no gloves)
SInv    .            c - +0 pair of boots
Will    .....        (no amulet) Stlth
                     (no ring)
HPRegen 0.25/turn    (no ring)
MPRegen 0.10/turn

%: no passive effects
@: confused, drained
A: runic magic, artefact enchanting
a: Renounce Religion


You were on level 3 of the Dungeon.
You worshipped the Shining One.
The Shining One was demanding penance.
You visited 1 branch of the dungeon, and saw 3 of its levels.

You collected 140 gold pieces.

Inventory:

Hand Weapons
 a - a +0 spear (weapon)
Armour
 b - a +0 leather armour (worn)
 c - a +0 pair of boots (worn)
 f - a +0 helmet (worn)
Jewellery
 d - an amulet of faith
Scrolls
 e - a scroll of enchant weapon {unknown}
 g - a scroll of identify {unknown}
 h - a scroll of fear {unknown}
Potions
 i - a potion of curing {unknown}


   Skills:
 + Level 2.5 Fighting
 + Level 4.7 Polearms
 + Level 0.5 Armour
 - Level 1.3 Dodging
 + Level 1.9 Spellcasting
 + Level 3.0 Conjurations


You had 5 spell levels left.
You knew the following spells:

 Your Spells              Type           Power      Damage    Failure   Level
a - Kiss of Death         Conj/Necr      24%        2d7       12%         1

Your spell library contained the following spells:

 Spells                   Type           Power      Damage    Failure   Level
 Momentum Strike          Conj/Tloc      12%        3d8       19%         2
 Hailstorm                Conj/Ice       6%         3d5       36%         3


Dungeon Overview and Level Annotations

Branches:
Dungeon (3/15)

Altars:
Dithmenos
The Shining One

Annotations:
D:3 Sigmund


Innate Abilities, Weirdness & Mutations

Your spellcasting is much less encumbered by armour.
You can use scrolls of enchantment on lesser artefacts.


Message History

* * * LOW HITPOINT WARNING * * *
You barely miss Sigmund.
Sigmund is lightly wounded.
The bat barely misses you. The goblin hits you but does no damage.
The bat hits you but does no damage.
You closely miss Sigmund.
Sigmund is lightly wounded.
The bat barely misses you. The kobold hits you with a +0 whip.
* * * LOW HITPOINT WARNING * * *
The goblin hits you but does no damage.
Sigmund is suddenly surrounded by pale blue light.
Sigmund barely misses you.
You hit Sigmund but do no damage. The bat misses you. The kobold misses you.
The goblin closely misses you.
You barely miss Sigmund. The bat hits you but does no damage.
The kobold barely misses you. The goblin hits you but does no damage.
You hit Sigmund.
Sigmund is moderately wounded.
The kobold misses you.
Sigmund screams, "You will never...
NEVER!!!"
Sigmund casts a spell at you.
You are confused.
The goblin hits you but does no damage. The bat misses you.
You barely miss the goblin. The bat closely misses you.
The kobold closely misses you. Sigmund closely misses you.
The goblin hits you but does no damage. The bat hits you but does no damage.
The kobold attacks as it pursues you! The kobold closely misses you.
The goblin attacks as it pursues you! The goblin barely misses you.
You closely miss the kobold. The bat hits you but does no damage.
The bat hits you.
* * * LOW HITPOINT WARNING * * *
The kobold hits you with a +0 whip.
* * * LOW HITPOINT WARNING * * *
You completely miss the kobold. The bat hits you but does no damage.
The goblin hits you with a +0 club.
* * * LOW HITPOINT WARNING * * *
Sigmund barely misses you. The kobold attacks as it pursues you!
The kobold hits you with a +0 whip.
You die...

##.....# ..#
##....#.##..#
#.###.......#...#
#.......#......#
#...........?..#
###...#........##
......#..b......#
..........K@..#
.......)@g....#
....!........##
.............##
.......<........
..........<......
.....$...........
...........(.....
...(..........!..


You could see Sigmund, a goblin, a bat and a kobold.

Vanquished Creatures
  4 adders (D:2)
  5 dart slugs
  2 endoplasms (D:1)
  2 giant cockroaches
  3 goblins
  9 hobgoblins
  4 kobolds
  2 quokkas (D:2)
  3 ball pythons (D:1)
  8 bats
  6 frilled lizards
  6 rats
54 creatures vanquished.

Notes
Turn   | Place    | Note
-------+----------+-------------------------------------------
     0 | D:1      | souperman1983 the Mountain Dwarf Reaver began the quest for
                  | the Orb.
     0 | D:1      | Reached XP level 1. HP: 17/17 MP: 3/3
    38 | D:1      | Found a faded altar of an unknown god.
    63 | D:1      | Prayed at the altar of an unknown god.
    63 | D:1      | Became a worshipper of the Shining One
    63 | D:1      | Reached * piety under the Shining One
   154 | D:1      | Reached XP level 2. HP: 20/24 MP: 4/4
   383 | D:1      | Reached XP level 3. HP: 30/30 MP: 5/5
   706 | D:2      | Reached skill level 4 in Polearms
   749 | D:2      | Was placed under penance by the Shining One
   750 | D:2      | Reached XP level 4. HP: 20/33 MP: 4/6
   928 | D:2      | Found a shadowy altar of Dithmenos.
  1366 | D:3      | Noticed Sigmund
  1385 | D:3      | HP: 1/35 [goblin/+0 club (2)]
  1386 | D:3      | Slain by a kobold

Illustrated notes

Levels and vault maps discovered:
D:1:      elethiomel_arrival_quiet, layout_rooms,
          dreamdust_ecumenical_altar_hidden_monk_grotto
D:2:      layout_loops_ring, basic_altar, nicolae_half_adder
D:3:      layout_rooms, uniq_sigmund

Skill      XL: |  1  2  3 |
---------------+----------+-----
Conjurations   | 3 |  3.0
Polearms       | 4 |  4.7
Fighting       | |  2.5
Armour         | |  0.5
Dodging        | |  1.3
Spellcasting   | |  1.9

Action                     |  1- 3 |  4- 6 || total
---------------------------+-------+-------++-------
  Melee: Spear             |   128 |    54 ||   182
   Cast: Kiss of Death     |     1 |       ||     1
 Armour: Leather armour    |    59 |    39 ||    98
  Dodge: Dodged            |    46 |    43 ||    89

Table legend: (Time is in decaauts)
 A = Elapsed time spent in this place.
 B = Non-inter-level travel time spent in this place.
 C = Inter-level travel time spent in this place.
 D = Time resting spent in this place.
 E = Time spent auto-exploring this place.
 F = Levels seen in this place.
 G = Mean time per level.
                   A        B        C        D        E       F      G
               +--------+--------+--------+--------+--------+-----+--------+
         Total |   1369 |   1305 |     64 |      0 |    957 |   3 |  456.3 |
       Dungeon |   1369 |   1305 |     64 |      0 |    957 |   3 |  456.3 |
               +--------+--------+--------+--------+--------+-----+--------+

Top non-repeatable levels by time:
     D:2: 774 daAuts
     D:1: 576 daAuts
     D:3: 17 daAuts
